 Dungeon Crawl Stone Soup version 0.32-a0-818-gb728d0252e (webtiles) character file.

Game seed: 4649918340427055999

481 zazu2006 the Charlatan (level 7, -3/76 HPs)
             Began as a Gnoll Wanderer on Mar 23, 2024.
             Slain by an iguana (6 damage)
             ... on level 5 of the Dungeon.
             The game lasted 00:05:49 (1617 turns).

zazu2006 the Charlatan (Gnoll Wanderer)             Turns: 1617, Time: 00:05:49

Health: -3/76      AC:  4    Str: 13    XL:     7   Next: 12%
Magic:  12/12      EV: 12    Int: 13    God:
Gold:   126        SH:  0    Dex: 10    Spells: 13/13 levels left

rFire   . . .        h - +2 dagger (venom)
rCold   . . .        (no shield)
rNeg    . . .        d - +0 leather armour
rPois   .            (no helmet)
rElec   .            b - +0 cloak
rCorr   .            (no gloves)
SInv    .            (no boots)
Will    +....        (no amulet) Stlth
                     o - ring of willpower
HPRegen 0.32/turn    (no ring)
MPRegen 0.13/turn

%: no passive effects
@: berserking, very quick
A: fangs 1, strong nose, distributed training
a: no special abilities


You were on level 5 of the Dungeon.
You visited 1 branch of the dungeon, and saw 5 of its levels.

You collected 126 gold pieces.

Inventory:

Hand Weapons
 a - a +0 club
 h - a +2 dagger of venom (weapon)
Missiles
 n - 6 javelins (quivered)
Armour
 b - a +0 cloak (worn)
 d - a +0 leather armour (worn)
Jewellery
 o - a ring of willpower (left hand)
Wands
 m - a wand of warping (4)
 p - a wand of paralysis (12)
Scrolls
 c - a scroll of summoning
 g - a scroll of revelation {unknown}
 j - a scroll of blinking {unknown}
 k - 3 scrolls of identify {unknown}
 l - a scroll of acquirement {unknown}
Potions
 i - a potion of ambrosia {unknown}
 q - a potion of attraction {unknown}
Miscellaneous
 e - a phial of floods


   Skills:
 + Level 2.3 Fighting
 + Level 2.3 Short Blades
 + Level 2.3 Long Blades
 + Level 2.3 Axes
 + Level 2.3 Maces & Flails
 + Level 2.3 Polearms
 + Level 2.3 Staves
 + Level 2.3 Ranged Weapons
 + Level 3.5 Throwing
 + Level 2.3 Armour
 + Level 5.2 Dodging
 + Level 2.3 Stealth
 + Level 2.3 Shields
 + Level 2.3 Unarmed Combat
 + Level 3.7 Spellcasting
 + Level 1.9 Conjurations
 + Level 1.9 Hexes
 + Level 1.9 Summonings
 + Level 1.9 Necromancy
 + Level 1.9 Translocations
 + Level 1.9 Fire Magic
 + Level 1.9 Ice Magic
 + Level 5.8 Air Magic
 + Level 1.9 Earth Magic
 + Level 1.9 Alchemy
 + Level 2.6 Invocations
 + Level 7.0 Evocations
 + Level 2.1 Shapeshifting


You had 13 spell levels left.
You didn't know any spells.
Your spell library contained the following spells:

 Spells                   Type           Power      Damage    Failure   Level
 Static Discharge         Conj/Air       24%        3-4/arc   9%          2
 Cigotuvi's Dreadful Rot  Necr/Alch/Air  20%        N/A       11%         2
 Sublimation of Blood     Necr           7%         N/A       19%         2
 Petrify                  Alch/Erth      7%         N/A       77%         4
 Irradiate                Conj/Alch      3%         3d12      98%         5


Dungeon Overview and Level Annotations

Branches:
Dungeon (5/15)
 Temple: D:4-7

Altars:


Innate Abilities, Weirdness & Mutations

You have very sharp teeth.
Your uncanny sense of smell can sniff out nearby items.
Your experience applies equally to all skills.


Message History

You kill the kobold brigand!
Your Evocations skill increases to level 7!
You have reached level 7!
Unknown command.
Unknown command.
You hit the quokka but do no damage.
The quokka is poisoned.
The quokka bites you.
You hit the quokka.
You kill the quokka!
You completely miss the kobold.
The kobold shouts!
Your bite misses the kobold. The kobold hits you but does no damage.
You barely miss the kobold. The kobold hits you with a +0 club.
You hit the kobold.
The kobold is poisoned.
The kobold is moderately wounded.
You kill the kobold!
You barely miss the kobold. The kobold hits you but does no damage.
You closely miss the kobold. You barely miss the kobold.
Your bite misses the kobold.
You hear the slow rusting of a distant drain.
The kobold barely misses you.
You hit the kobold.
The kobold is poisoned.
The kobold is moderately wounded.
You kill the kobold!
You barely miss the iguana. You bite the iguana, but do no damage.
The iguana bites you!
* * * LOW HITPOINT WARNING * * *
You hit the iguana.
The iguana is lightly wounded.
The iguana bites you!
* * * LOW HITPOINT WARNING * * *
It was a potion of berserk rage.
A red film seems to cover your vision as you go berserk!
You feel yourself moving faster!
You feel mighty! The iguana barely misses you.
You barely miss the iguana.
The iguana is lightly wounded.
You hit the iguana.
The iguana is heavily wounded.
The iguana bites you.
You die...

. .< .#.# ∆
# ### ##.# .
#..# #.##.#
####.##.#
......#.#
...l....#
......#l# #
....K.#@#.##
..Kr. #....#
..... #....#
..## #....#
.. #....#
#....#
#.#...
#<...##
####..


You could see an iguana.

Vanquished Creatures
  An ogre (D:4)
  A centaur (D:5)
  A phantom (D:4)
  A kobold brigand (D:5)
  A scorpion (D:4)
  2 hounds (D:4)
  An adder (D:3)
  A dart slug (D:1)
  6 orcs
  11 ball pythons
  5 endoplasms
  A giant cockroach (D:3)
  A goblin (D:1)
  3 hobgoblins
  2 jackals (D:3)
  A quokka (D:5)
  5 bats
  A frilled lizard (D:1)
  3 kobolds
  3 rats
51 creatures vanquished.

Notes
Turn   | Place    | Note
-------+----------+-------------------------------------------
     0 | D:1      | zazu2006 the Gnoll Wanderer began the quest for the Orb.
     0 | D:1      | zazu2006 set off with the following items: a +0 club, a +0
                  | cloak, a scroll of summoning, a +0 leather armour, a phial
                  | of floods; and the following spells available to memorise:
                  | Static Discharge, Cigotuvi's Dreadful Rot.
     0 | D:1      | Reached XP level 1. HP: 13/13 MP: 4/4
   238 | D:1      | Reached XP level 2. HP: 17/19 MP: 5/5
   521 | D:3      | Reached XP level 3. HP: 25/25 MP: 7/7
   715 | D:3      | Reached skill level 1 in Invocations
   904 | D:4      | Noticed a scorpion
   910 | D:4      | Killed a scorpion
   911 | D:4      | Reached skill level 1 in Fighting
   911 | D:4      | Reached skill level 1 in Short Blades
   911 | D:4      | Reached skill level 1 in Long Blades
   911 | D:4      | Reached skill level 1 in Axes
   911 | D:4      | Reached skill level 1 in Maces & Flails
   911 | D:4      | Reached skill level 1 in Polearms
   911 | D:4      | Reached skill level 1 in Staves
   911 | D:4      | Reached skill level 1 in Ranged Weapons
   911 | D:4      | Reached skill level 1 in Armour
   911 | D:4      | Reached skill level 1 in Stealth
   911 | D:4      | Reached skill level 1 in Shields
   911 | D:4      | Reached skill level 1 in Unarmed Combat
   911 | D:4      | Reached skill level 1 in Conjurations
   911 | D:4      | Reached skill level 1 in Hexes
   911 | D:4      | Reached skill level 1 in Summonings
   911 | D:4      | Reached skill level 1 in Necromancy
   911 | D:4      | Reached skill level 1 in Translocations
   911 | D:4      | Reached skill level 1 in Fire Magic
   911 | D:4      | Reached skill level 1 in Ice Magic
   911 | D:4      | Reached skill level 1 in Earth Magic
   911 | D:4      | Reached skill level 1 in Alchemy
   911 | D:4      | Reached skill level 1 in Shapeshifting
   911 | D:4      | Reached XP level 4. HP: 17/32 MP: 8/8
   925 | D:4      | Noticed a phantom
   929 | D:4      | Killed a phantom
   930 | D:4      | Reached XP level 5. HP: 19/37 MP: 9/9
   938 | D:4      | Noticed an ogre
   943 | D:4      | Killed an ogre
   944 | D:4      | Reached skill level 5 in Dodging
   944 | D:4      | Reached XP level 6. HP: 27/44 MP: 9/11
  1507 | D:5      | Entered Level 5 of the Dungeon
  1604 | D:5      | Reached skill level 7 in Evocations
  1604 | D:5      | Reached XP level 7. HP: 25/51 MP: 12/12
  1614 | D:5      | HP: 2/51 [iguana (10)]
  1617 | D:5      | Slain by an iguana

Illustrated notes

Levels and vault maps discovered:
D:1:      matt_arrival_spirals, layout_rooms, minmay_misc_feat_enclosed
D:2:      layout_rooms
D:3:      layout_loops_ring, dk_noncrumbling_3, kennysheep_generic_room_10
D:4:      layout_gridville, uniq_duvessa
D:5:      layout_basic, portal_sewer_entry_f

Skill      XL: |  1  2  3  4  5  6 |
---------------+-------------------+-----
Invocations    | 1 2 |  2.6
Fighting       | 1 2 |  2.3
Short Blades   | 1 2 |  2.3
Long Blades    | 1 2 |  2.3
Axes           | 1 2 |  2.3
Maces & Flails | 1 2 |  2.3
Polearms       | 1 2 |  2.3
Staves         | 1 2 |  2.3
Ranged Weapons | 1 2 |  2.3
Armour         | 1 2 |  2.3
Stealth        | 1 2 |  2.3
Shields        | 1 2 |  2.3
Unarmed Combat | 1 2 |  2.3
Spellcasting   | 3 |  3.7
Conjurations   | 1 |  1.9
Hexes          | 1 |  1.9
Summonings     | 1 |  1.9
Necromancy     | 1 |  1.9
Translocations | 1 |  1.9
Fire Magic     | 1 |  1.9
Ice Magic      | 1 |  1.9
Earth Magic    | 1 |  1.9
Alchemy        | 1 |  1.9
Shapeshifting  | 1 2 |  2.1
Throwing       | 3 |  3.5
Dodging        | 5 |  5.2
Evocations     | 7 |  7.0
Air Magic      | |  5.8

Action                     |  1- 3 |  4- 6 |  7- 9 || total
---------------------------+-------+-------+-------++-------
  Melee: Club              |    27 |       |       ||    27
         Dagger            |    81 |    43 |    13 ||   137
         Bite              |     9 |     4 |     1 ||    14
  Throw: Javelin           |       |     9 |       ||     9
  Evoke: Wand              |       |     5 |       ||     5
         Phial of floods   |       |     1 |       ||     1
    Use: Potion            |       |       |     1 ||     1
   Stab: Sleeping          |       |     1 |       ||     1
 Armour: Leather armour    |    74 |    33 |     7 ||   114
  Dodge: Dodged            |    79 |    31 |     2 ||   112

Table legend: (Time is in decaauts)
 A = Elapsed time spent in this place.
 B = Non-inter-level travel time spent in this place.
 C = Inter-level travel time spent in this place.
 D = Time resting spent in this place.
 E = Time spent auto-exploring this place.
 F = Levels seen in this place.
 G = Mean time per level.
                   A        B        C        D        E       F      G
               +--------+--------+--------+--------+--------+-----+--------+
         Total |   1619 |   1572 |     47 |      9 |   1004 |   5 |  323.8 |
       Dungeon |   1619 |   1572 |     47 |      9 |   1004 |   5 |  323.8 |
               +--------+--------+--------+--------+--------+-----+--------+

Top non-repeatable levels by time:
     D:4: 621 daAuts
     D:1: 475 daAuts
     D:3: 397 daAuts
     D:5: 105 daAuts
     D:2: 18 daAuts
